 Dungeon Crawl Stone Soup version 0.29.0-4-gdea44cf6ec (webtiles) character file.

Game seed: 16362028258602112147

7 qw the Sneak (level 1, -1/10 HPs)
             Began as a Felid Delver on Aug 27, 2022.
             Slain by an adder (4 damage)
             ... on level 5 of the Dungeon.
             The game lasted 00:00:01 (248 turns).

qw the Sneak (Felid Delver)                          Turns: 248, Time: 00:00:01

Health: -1/10      AC:  1    Str:  8    XL:     1   Next: 91%
Magic:  2/2        EV: 17    Int: 11    God:
Gold:   15         SH:  0    Dex: 17    Spells: 0/0 levels left
                                        Lives:  0   Deaths: 0

rFire   . . .      SeeInvis +     - Unarmed
rCold   . . .      Faith    .   (shield unavailable)
rNeg    . . .      Spirit   .   (body armour unavailable)
rPois   .          Reflect  .   (helmet unavailable)
rElec   .          Harm     .   (cloak unavailable)
rCorr   .          Rampage  .   (gloves unavailable)
Will    .....                   (boots unavailable)
Stlth   +++.......              (no amulet)
HPRegen 0.03/turn               (no ring)
MPRegen 0.08/turn               (no ring)

@: lethally poisoned (-1 -> -5), quick
A: very small, claws 1, fangs 3, see invisible, speed 1, shaggy fur 1, stealthy
paws, no weapons or thrown items, no armour, multi-lived
a: no special abilities


You were on level 5 of the Dungeon.
You visited 1 branch of the dungeon, and saw 1 of its levels.

You collected 15 gold pieces.


Innate Abilities, Weirdness & Mutations

You have sharp claws.
You have razor-sharp teeth.
You have supernaturally acute eyesight. (SInv)
You cover ground quickly. (Speed+)
You are covered in fur. (AC +1)
Your paws help you pounce on unaware monsters.
You are incapable of wielding weapons or throwing items.
You cannot wear armour.
You gain extra lives every three experience levels.


   Skills:
 - Level 3.0 Fighting
 - Level 2.6 Dodging
 - Level 6.6 Stealth
 + Level 2.7 Unarmed Combat


You couldn't memorise any spells.
You didn't know any spells.
Your spell library was empty.

Inventory:

Wands
 e - a wand of digging (3)
Potions
 d - a potion of haste

Dungeon Overview and Level Annotations

Branches:
Dungeon (5/15)
 Temple: D:4-7

Altars:


Message History

The shadow imp is almost dead.
The shadow imp closely misses you.
You completely miss the shadow imp.
The shadow imp is severely wounded.
The shadow imp barely misses you.
You scratch the shadow imp. Your claw misses the shadow imp.
The shadow imp is almost dead.
The shadow imp closely misses you.
You barely miss the shadow imp.
The shadow imp is almost dead.
The shadow imp hits you but does no damage.
You scratch the shadow imp.
You kill the shadow imp!
You start resting.
HP restored.
Found a stone staircase leading up.
237 ||| DROPPING scroll of fog.
You drop a scroll of fog.
238 ||| DROPPING scroll of magic mapping.
You drop a scroll of magic mapping.
239 ||| DROPPING scroll of fear.
You drop a scroll of fear.
(D) Dungeon
Where to? (* - list waypoints, ? - help)
What level of the Dungeon? (default 1, ? - help)
An adder comes into view.
The adder hisses angrily.
You scratch the adder.
The adder is moderately wounded.
The adder barely misses you. The adder bites you.
You are lethally poisoned!
The adder poisons you!
You closely miss the adder. Your bite misses the adder.
The adder is moderately wounded.
You feel sick. The adder barely misses you.
You scratch the adder.
The adder is almost dead.
You feel sick. The adder barely misses you.
You miss the adder.
The adder is almost dead.
You feel sick. The adder bites you.
You die...

#..#####...##
#### ##..#
#..# #..#
#..# #..#
##..# #.?.#
#..@# #..S..#
#........
##.........
##......<.
#........
##.......
.......


You could see an adder.

Vanquished Creatures
  A shadow imp (D:5)
1 creature vanquished.

Notes
Turn   | Place    | Note
-------+----------+-------------------------------------------
     0 | D:5      | qw the Felid Delver began the quest for the Orb.
     0 | D:5      | Reached XP level 1. HP: 10/10 MP: 2/2
     0 | D:5      | 0 ||| qw: Version: 0.1-a-89-g26bdef1
     0 | D:5      | 0 ||| qw: Game counter: 2
     0 | D:5      | 0 ||| qw: Always use a shield: true
     0 | D:5      | 0 ||| qw: God list: Okawaru, Trog
     0 | D:5      | 0 ||| qw: Allow faded altars: false
     0 | D:5      | 0 ||| qw: Do Orc after D:15 true
     0 | D:5      | 0 ||| qw: Do second Lair branch before Depths: true
     0 | D:5      | 0 ||| qw: Lair rune preference: random
     0 | D:5      | 0 ||| qw: Plans: Normal
     0 | D:5      | 0 ||| PLANNING D:1-11
    40 | D:5      | 40 ||| Stepping ~*~*~tactically~*~*~ (hiding).
   142 | D:5      | 142 ||| Stepping ~*~*~tactically~*~*~ (hiding).
   237 | D:5      | 237 ||| DROPPING scroll of fog.
   238 | D:5      | 238 ||| DROPPING scroll of magic mapping.
   239 | D:5      | 239 ||| DROPPING scroll of fear.
   248 | D:5      | Slain by an adder

Levels and vault maps discovered:
D:5:      layout_layer_cave, slow_altar_1, tso_metal_star,
          minmay_temple_entry_mini_moons

Action                   || total
-------------------------++-------
Melee: Unarmed           ||    13
Armor: Skin              ||     1
Dodge: Dodged            ||     9

Table legend:
 A = Non-vault XP
 B = Vault XP
 C = Vault XP percentage of total XP
 D = Non-vault monster count
 E = Vault monster count
 F = Vault count percentage of total count
                 A         B        C        D         E       F
            +---------+---------+-------+---------+---------+-------
      Total |      11 |       0 |   0.0 |       1 |       0 |   0.0
            +---------+---------+-------+---------+---------+-------
        D:5 |      11 |       0 |   0.0 |       1 |       0 |   0.0
            +---------+---------+-------+---------+---------+-------
